 Dungeon Crawl Stone Soup version 0.24-a0-619-gb7544fd237 (webtiles) character file.

Game seed: 2824067071547753325, levelgen mode: deterministic

956 D1HalberdGnoll the Chiller (level 8, -6/90 HPs)
             Began as a Merfolk Ice Elementalist on Sept 18, 2019.
             Was an Initiate of Ru.
             Mangled by a bullfrog skeleton (7 damage)
             ... on level 6 of the Dungeon.
             The game lasted 00:10:43 (7782 turns).

D1HalberdGnoll the Chiller (MfIE)                   Turns: 7782, Time: 00:10:44

Health: -6/90      AC:  4    Str: 13    XL:     8   Next: 14%
Magic:  14/14      EV: 15    Int: 17    God:    Ru [......]
Gold:   350        SH:  0    Dex: 14    Spells: 12/15 levels left

rFire    . . .     SeeInvis .   e - +1 club
rCold    . . .     Gourm    .   (no shield)
rNeg     . . .     Faith    .   f - +0 leather armour (curse)
rPois    .         Spirit   .   (no helmet)
rElec    .         Reflect  .   (no cloak)
rCorr    .         Harm     .   v - +0 pair of gloves
MR       .....                  (no boots)
Stlth    ..........             (no amulet)
HPRegen  0.25/turn              (no ring)
MPRegen  0.14/turn              (no ring)

@: berserking, very quick
A: change form in water, swift swim, stealthy swim
a: Renounce Religion


You were on level 6 of the Dungeon.
You worshipped Ru.
Ru was noncommittal.
You were not hungry.

You visited 1 branch of the dungeon, and saw 6 of its levels.

You collected 350 gold pieces.

Inventory:

Hand Weapons
 e - a +1 club (weapon)
Armour
 f - a cursed +0 leather armour (worn)
 v - a +0 pair of gloves (worn)
Jewellery
 u - a cursed ring of teleportation {unknown}
Wands
 b - a wand of iceblast (5)
 w - a wand of acid (5)
 x - a wand of random effects (16)
Scrolls
 d - 3 scrolls of amnesia
 j - 2 scrolls of enchant armour
 k - 3 scrolls of teleportation
 o - 8 scrolls of identify
 p - 2 scrolls of fog {unknown}
 r - 2 scrolls of remove curse
Potions
 a - a potion of curing {unknown}
 g - 5 potions of might
 h - 2 potions of heal wounds {unknown}
 i - a potion of invisibility {unknown}
 l - a potion of magic {unknown}
 m - a potion of berserk rage
 n - a potion of ambrosia {unknown}
 q - a potion of brilliance {unknown}
 s - a potion of flight {unknown}
 t - a potion of mutation {unknown}
Comestibles
 c - 15 rations


   Skills:
 + Level 4.1 Fighting
 + Level 5.9 Dodging
 - Level 2.1 Stealth
 + Level 4.1 Spellcasting
 - Level 0.7 Conjurations
 * Level 7.1 Ice Magic


You had 12 spell levels left.
You knew the following spells:

 Your Spells              Type           Power        Failure   Level  Hunger
a - Freeze                Ice            ####         1%          1    None
b - Throw Frost           Conj/Ice       ###...       6%          2    ##.....

Your spell library contained the following spells:

 Spells                   Type           Power        Failure   Level  Hunger
 Ozocubu's Armour         Chrm/Ice       ###.....     14%         3    ###....
 Throw Icicle             Conj/Ice       ###.....     36%         4    ####...
 Summon Ice Beast         Ice/Summ       ###.....     41%         4    ####...


Dungeon Overview and Level Annotations

Branches:
Dungeon (6/15)             Temple (0/1) D:6

Altars:
Hepliaklqana
Ru

Annotations:
D:2 exclusion: downstairs
D:5 exclusion: downstairs


Message History

The acid corrodes the orc priest!
You kill the orc priest!
The bolt of acid hits the orc!
The orc is splashed with acid.
The acid corrodes the orc!
You kill the orc!
The bullfrog skeleton hits you.
* * * LOW HITPOINT WARNING * * *
The orc hits you but does no damage. The bullfrog skeleton hits you.
* * * LOW HITPOINT WARNING * * *
A red film seems to cover your vision as you go berserk!
You feel yourself moving faster!
You feel mighty! The orc misses you.
The bullfrog skeleton barely misses you.
You closely miss the orc. The orc barely misses you.
The bullfrog skeleton hits you.
* * * LOW HITPOINT WARNING * * *
You hit the orc.
The orc is heavily wounded.
The bullfrog skeleton misses you. The orc barely misses you.
The bullfrog skeleton hits you!
You die...

#.. #... ##### #.#
#...
#...##########.#
#...
#...#....#.....'
#...
#...'....+.....#
#...
#...#....#.....#
#...
#..########...##
#..Z##..###...##...#
#.))@.........#....#
#..o..........'....#
#.............#....#
#.............#....#
####################


You could see an orc and a bullfrog skeleton.

Vanquished Creatures
  An orc warrior (D:6)
  An ice beast (D:6)
  2 bullfrogs
  3 scorpions
  2 howler monkeys (D:6)
  A bullfrog zombie (D:6)
  An orc priest (D:6)
  2 orc wizards (D:6)
  An iguana (D:6)
  2 worker ants
  3 gnolls (D:5)
  8 adders
  A shadow imp (D:6)
  2 oozes (D:1)
  An adder zombie (D:5)
  3 worms
  3 leopard geckos
  10 orcs
  2 ball pythons
  11 bats
  3 giant cockroaches
  6 goblins
  11 hobgoblins
  4 jackals
  5 quokkas
  A frilled lizard (D:1)
  6 kobolds
  9 rats
105 creatures vanquished.

Notes
Turn   | Place    | Note
-------+----------+-------------------------------------------
     0 | D:1      | D1HalberdGnoll the Merfolk Ice Elementalist began the quest
                  | for the Orb.
     0 | D:1      | Reached XP level 1. HP: 13/13 MP: 3/3
   354 | D:1      | Reached XP level 2. HP: 20/20 MP: 0/5
  1151 | D:1      | Reached skill level 1 in Fighting
  1181 | D:1      | Reached XP level 3. HP: 18/26 MP: 2/6
  1378 | D:2      | Learned a level 2 spell: Throw Frost
  1484 | D:2      | Reached skill level 4 in Ice Magic
  1953 | D:2      | Reached XP level 4. HP: 24/32 MP: 0/7
  2056 | D:2      | Found a faded altar of an unknown god.
  2070 | D:2      | Became a worshipper of Ru the Awakened
  3799 | D:3      | Reached XP level 5. HP: 35/38 MP: 0/9
  5161 | D:5      | Entered Level 5 of the Dungeon
  5166 | D:5      | Reached skill level 5 in Ice Magic
  5477 | D:5      | Reached XP level 6. HP: 46/46 MP: 2/10
  6310 | D:6      | Found a hazy altar of Hepliaklqana.
  6310 | D:6      | Noticed an ice beast
  6568 | D:6      | Reached skill level 5 in Dodging
  6568 | D:6      | Reached skill level 6 in Ice Magic
  6568 | D:6      | Reached XP level 7. HP: 46/52 MP: 4/12
  6663 | D:6      | Found a staircase to the Ecumenical Temple.
  7279 | D:6      | Reached XP level 8. HP: 48/60 MP: 2/14
  7534 | D:6      | Reached skill level 7 in Ice Magic
  7779 | D:6      | HP: 3/60 [bullfrog skeleton (3)]
  7781 | D:6      | HP: 1/90 [bullfrog skeleton (5)]
  7782 | D:6      | Mangled by a bullfrog skeleton

Levels and vault maps discovered:
D:1:      eino_arrival_water_star, layout_basic, moated_statue
D:2:      layout_basic, chequers_ecumenical_altar_simple, first_ration
D:3:      layout_rooms
D:4:      layout_gridville, hangedman_decor_diamond_cutter,
          chequers_serial_rivers_room_b
D:5:      layout_loops_cross
D:6:      layout_gridville, lemuel_crystal_altar, minmay_temple_entry_statues

Skill      XL: |  1  2  3  4  5  6  7  8 |
---------------+-------------------------+-----
Dodging        | 3 4 5 |  5.9
Fighting       | 1 2 3 4 |  4.1
Ice Magic      | 4 5 6 7 |  7.1
Spellcasting   | 3 4 |  4.1
Stealth        | |  2.1
Conjurations   | |  0.7

Action                   |  1- 3 |  4- 6 |  7- 9 || total
-------------------------+-------+-------+-------++-------
Melee: Club              |    40 |    55 |    39 ||   134
       Unarmed           |     1 |       |       ||     1
 Cast: Freeze            |    46 |    75 |    28 ||   149
       Throw Frost       |     6 |    57 |     8 ||    71
Invok: Reject Sacrifices |       |     1 |       ||     1
Evoke: Wand              |       |     1 |    10 ||    11
  Use: Scroll            |       |    11 |       ||    11
       Potion            |       |       |     1 ||     1
 Stab: Sleeping          |       |     2 |       ||     2
  Eat: Chunk             |     4 |    15 |     4 ||    23
       Ration            |       |     1 |       ||     1
Armor: Robe              |    14 |    12 |       ||    26
       Leather armour    |       |    10 |    16 ||    26
Dodge: Dodged            |    92 |    87 |    48 ||   227

Table legend:
 A = Non-vault XP
 B = Vault XP
 C = Vault XP percentage of total XP
 D = Non-vault monster count
 E = Vault monster count
 F = Vault count percentage of total count
                 A         B        C        D         E       F
            +---------+---------+-------+---------+---------+-------
      Total |    1366 |       0 |   0.0 |     105 |       0 |   0.0
            +---------+---------+-------+---------+---------+-------
        D:1 |      41 |       0 |   0.0 |      19 |       0 |   0.0
        D:2 |      77 |       0 |   0.0 |      31 |       0 |   0.0
        D:3 |      62 |       0 |   0.0 |      19 |       0 |   0.0
        D:4 |      88 |       0 |   0.0 |       4 |       0 |   0.0
        D:5 |     277 |       0 |   0.0 |      13 |       0 |   0.0
        D:6 |     821 |       0 |   0.0 |      19 |       0 |   0.0
            +---------+---------+-------+---------+---------+-------
